[Event "Vaujany 2023 Principal"]
[Site "Vaujany"]
[Date "2023.07.21"]
[Round "9.24"]
[White "Juhasz, Judit"]
[Black "Voinea, Marius"]
[Result "1-0"]
[ECO "B43"]
[WhiteElo "1915"]
[BlackElo "1811"]
[Annotator "famil"]
[PlyCount "79"]
[EventDate "2023.07.13"]
[EventType "swiss"]
[EventRounds "9"]
[EventCountry "FRA"]
[SourceVersionDate "2023.07.13"]
[TimeControl "1800"]

{[%evp 0,79,25,16,58,58,51,52,50,40,59,63,78,57,54,47,60,40,43,32,41,47,23,28,9,19,22,-12,5,0,0,-37,-61,-74,-83,-136,-87,-83,-91,-93,-102,-105,-106,-80,-46,-29,-3,-8,19,-32,-28,-32,-39,-43,58,41,68,63,116,117,118,125,135,100,111,0,40,96,617,850,1240,1434,1434,1523,29993,29994,29995,29996,29997,29998,29999,-30000] 1024MB, Fritz8.ctg} 1. e4 c5 2. Nf3 e6 3. d4 cxd4 4. Nxd4 a6 5. Nc3 b5 6. Bd3 Bb7 7. O-O Nc6 8. Nxc6 Bxc6 9. e5 Qb8 10. Re1 f5 11. a4 b4 12. Nb1 Ne7 13. Nd2 Ng6 14. Qh5 Bc5 15. Nc4 O-O 16. Qh3 Bd4 17. Qg3 Bd5 18. Bf4 Bxc4 19. Bxc4 Bxb2 20. Rad1 Rc8 21. Bb3 Rc3 22. Qg5 Qe8 23. Bd2 Rc5 24. Bxb4 Rxe5 25. Bd6 Rxe1+ 26. Rxe1 Bf6 27. Qxf5 Kh8 28. Qd3 Nh4 29. Bd5 Rc8 30. Be4 a5 31. Rb1 Nf5 32. Rb3 Nd4 33. Bxh7 Nxb3 34. Qh3 Qd8 35. Qh5 Bg5 36. Be5 Bf6 37. Bg6+ Kg8 38. Bd6 Be7 39. Qh7+ Kf8 40. Qh8# 1-0